 Dungeon Crawl Stone Soup version 0.24.1 (webtiles) character file.

Game seed: 3289500641403345383, levelgen mode: deterministic

42 Destapler the Charmwright (level 3, -2/30 HPs)
             Began as a Draconian Skald on Mar 31, 2020.
             Slain by a hobgoblin
             ... wielding a +0 club
              (3 damage)
             ... on level 1 of the Dungeon.
             The game lasted 00:02:24 (772 turns).

Destapler the Charmwright (Draconian Skald)          Turns: 772, Time: 00:02:24

Health: -2/30      AC:  5    Str: 14    XL:     3   Next: 33%
Magic:  6/6        EV: 12    Int: 13    God:
Gold:   48         SH:  0    Dex: 10    Spells: 5/6 levels left

rFire    . . .     SeeInvis .   a - +0 spear
rCold    . . .     Gourm    .   (no shield)
rNeg     . . .     Faith    .   (armour unavailable)
rPois    .         Spirit   .   (helmet restricted)
rElec    .         Reflect  .   (no cloak)
rCorr    .         Harm     .   (no gloves)
MR       .....                  (no boots)
Stlth    +.........             (no amulet)
HPRegen  0.10/turn              (no ring)
MPRegen  0.10/turn              (no ring)

@: no status effects
A: unfitting armour, cold-blooded, AC +5
a: no special abilities


You were on level 1 of the Dungeon.
You were not hungry.

You visited 1 branch of the dungeon, and saw 1 of its levels.

You collected 48 gold pieces.

Inventory:

Hand Weapons
 a - a +0 spear (weapon)
Scrolls
 b - a scroll of amnesia {unknown}
 d - a scroll of teleportation {unknown}
 e - a scroll of enchant armour {unknown}
 g - a scroll of identify {unknown}
 k - a scroll of remove curse {unknown}
 l - a scroll of immolation {unknown}
 m - a scroll of blinking {unknown}
Potions
 f - a potion of ambrosia {unknown}
 h - 3 potions of brilliance {unknown}
 j - a potion of heal wounds {unknown}
Comestibles
 c - a ration
 n - a chunk of flesh


   Skills:
 + Level 2.7 Fighting
 + Level 2.4 Polearms
 + Level 2.5 Dodging
 + Level 2.3 Spellcasting
 + Level 3.0 Charms


You had 5 spell levels left.
You knew the following spells:

 Your Spells              Type           Power        Failure   Level  Hunger
a - Infusion              Chrm           #...         7%          1    #......

Your spell library contained the following spells:

 Spells                   Type           Power        Failure   Level  Hunger
 Song of Slaying          Chrm           #.......     11%         2    ###....
 Shroud of Golubria       Chrm/Tloc      #.....       21%         2    ###....
 Regeneration             Chrm/Necr      #.........   36%         3    ###....
 Spectral Weapon          Hex/Chrm       #.......     36%         3    ###....


Dungeon Overview and Level Annotations

Branches:
Dungeon (1/15)

Altars:


Innate Abilities, Weirdness & Mutations

Your plain brown scales are hard. (AC +5)
You cannot fit into any form of body armour.
You are cold-blooded and may be slowed by cold attacks.


Message History

The jackal is heavily wounded.
The jackal bites you.
* * * LOW HITPOINT WARNING * * *
You barely miss the jackal.
The jackal is heavily wounded.
The jackal barely misses you. The hobgoblin hits you with a +0 club.
* * * LOW HITPOINT WARNING * * *
The jackal closely misses you.
You barely miss the jackal.
The jackal is heavily wounded.
The hobgoblin barely misses you. The jackal misses you.
You hit the jackal.
The jackal is severely wounded.
The jackal bites you but does no damage.
The hobgoblin hits you with a +0 club.
* * * LOW HITPOINT WARNING * * *
The jackal closely misses you.
It was a potion of cancellation.
You feel magically purged. The hobgoblin hits you with a +0 club.
You die...

.. ..
#.........#.#
.#
########.##.#
#.#...........#
#
#.#.#..###.####
.##.#.#....#.#
.....#......#
#...#..#####
#...#..#
#..†#@.#
#..†gh.#
.......####
.###.## #


You could see a jackal and a hobgoblin.

Vanquished Creatures
  A gnoll (D:1)
  2 oozes (D:1)
  2 dart slugs (D:1)
  4 hobgoblins (D:1)
  2 jackals (D:1)
  2 ball pythons (D:1)
  2 bats (D:1)
  A frilled lizard (D:1)
  2 kobolds (D:1)
  3 rats (D:1)
21 creatures vanquished.

Notes
Turn   | Place    | Note
-------+----------+-------------------------------------------
     0 | D:1      | Destapler the Draconian Skald began the quest for the Orb.
     0 | D:1      | Reached XP level 1. HP: 17/17 MP: 3/3
   300 | D:1      | Reached XP level 2. HP: 17/25 MP: 5/5
   662 | D:1      | Reached XP level 3. HP: 30/30 MP: 6/6
   744 | D:1      | Reached skill level 3 in Charms
   771 | D:1      | HP: 1/30 [hobgoblin/+0 club (4)]
   772 | D:1      | Slain by a hobgoblin

Levels and vault maps discovered:
D:1:      dpeg_arrival_castle, layout_basic, hex_intersection

Skill      XL: |  1  2  3 |
---------------+----------+-----
Charms         | 3 |  3.0
Fighting       | |  2.7
Polearms       | |  2.4
Dodging        | |  2.5
Spellcasting   | |  2.3

Action                   || total
-------------------------++-------
Melee: Spear             ||    96
       Tailslap          ||     6
  Use: Potion            ||     1
 Stab: Sleeping          ||     1
Armor: Skin              ||    35
Dodge: Dodged            ||    88
